 Dungeon Sprint DCSS version 0.25-b1-37-g2669288c55 (webtiles) character file.

Game seed: 4217517919917384820

94 Groucho the Covert (level 4, -12/23 HPs)
             Began as a Spriggan Enchanter on June 5, 2020.
             Mangled by a merfolk siren
             ... wielding a +0 spear
              (20 damage)
             ... in the Dungeon (Sprint II: "The Violet Keep of Menkaure").
             The game lasted 00:02:41 (479 turns).

Groucho the Covert (Spriggan Enchanter)              Turns: 479, Time: 00:02:41

Health: -12/23     AC:  2    Str:  5    XL:     4   Next: 38%
Magic:  2/11       EV: 21    Int: 16    God:
Gold:   243        SH:  0    Dex: 16    Spells: 6/12 levels left

rFire    . . .     SeeInvis +   a - +1 dagger
rCold    . . .     Gourm    .   (shield restricted)
rNeg     . . .     Faith    .   b - +0 robe
rPois    .         Spirit   .   (helmet restricted)
rElec    .         Reflect  .   (no cloak)
rCorr    .         Harm     .   (gloves unavailable)
MR       .....     NoTele   +   (boots unavailable)
Stlth    ++++......             (no amulet)
HPRegen  0.07/turn              (no ring)
MPRegen  0.12/turn              (no ring)

@: mesmerised, very slightly contaminated, very quick
A: very small, unfitting armour, see invisible, herbivore, speed 3, slow
metabolism 2
a: no special abilities


You were in the Dungeon.
You were not hungry.

You visited 1 branch You collected 243 gold pieces.

Inventory:

Hand Weapons
 a - a +1 dagger (weapon)
Armour
 b - a +0 robe (worn)
Scrolls
 j - a scroll of blinking
Potions
 g - a potion of haste
 h - 2 potions of magic
Comestibles
 d - a ration


   Skills:
 + Level 2.3 Fighting
 * Level 3.7 Short Blades
 + Level 5.4 Dodging
 * Level 8.3 Stealth
 * Level 4.8 Spellcasting
 * Level 5.4 Hexes


You had 6 spell levels left.
You knew the following spells:

 Your Spells              Type           Power        Failure   Level  Hunger
a - Corona                Hex            ###....      1%          1    None
b - Ensorcelled Hibernat  Hex/Ice        ##....       8%          2    ##.....
c - Dazzling Flash        Conj/Hex       ##....       16%         3    ###....

Your spell library contained the following spells:

 Spells                   Type           Power        Failure   Level  Hunger
 Confusing Touch          Hex            ###.....     4%          3    ###....
 Tukima's Dance           Hex            ###.....     4%          3    ###....


Dungeon Overview and Level Annotations

Branches:
Dungeon (1/1)

Altars:


Innate Abilities, Weirdness & Mutations

You are very small and have problems with some larger weapons.
You are too small for most types of armour.
You have supernaturally acute eyesight. (SInv)
You are a herbivore.
You cover ground extremely quickly.
You need to consume almost no food.


Message History

The merfolk siren chants its luring song.
You hit the merfolk siren but do no damage.
The merfolk siren is almost dead.
You hit the merfolk siren but do no damage.
The merfolk siren is almost dead.
The merfolk siren hits you with a +0 spear.
You barely miss the merfolk siren.
The merfolk siren is almost dead.
The merfolk siren chants its luring song.
You hit the merfolk siren but do no damage.
The merfolk siren is almost dead.
The merfolk siren chants its luring song.
You miss the merfolk siren.
The merfolk siren is almost dead.
The merfolk siren chants its luring song.
You hit the merfolk siren but do no damage.
The merfolk siren is almost dead.
The merfolk siren hits you with a +0 spear!!
Ouch! That really hurt!
You die...

## ## .# #H
### H#. ###
##.###+# #†##
#.m.##.###..#
+$#@'.<.'.##+
#...##.###..#
##.###+# #.##
## $#. ### w.
.w ##. .## ##
##


You could see a merfolk siren (mesmerising).

Vanquished Creatures
  4 worker ants (D)
4 creatures vanquished.

Vanquished Creatures (others)
  Menkaure (D)
  A crocodile (D)
2 creatures vanquished.

Grand Total: 6 creatures vanquished

Notes
Turn   | Place    | Note
-------+----------+-------------------------------------------
     0 | D        | Groucho the Spriggan Enchanter began the quest for the Orb.
     0 | D        | Reached XP level 1. HP: 9/9 MP: 5/5
     1 | D        | Noticed a hippogriff
     1 | D        | Noticed a hippogriff
     5 | D        | Noticed a worker ant
     5 | D        | Noticed a worker ant
    18 | D        | Killed a worker ant
    18 | D        | Reached skill level 1 in Fighting
    18 | D        | Reached skill level 6 in Stealth
    18 | D        | Reached XP level 2. HP: 5/14 MP: 5/7
    27 | D        | Reached skill level 7 in Stealth
    27 | D        | Reached XP level 3. HP: 3/18 MP: 5/9
   150 | D        | Killed Menkaure
   300 | D        | Killed a crocodile
   396 | D        | Learned a level 2 spell: Ensorcelled Hibernation
   399 | D        | Reached skill level 5 in Dodging
   399 | D        | Reached skill level 8 in Stealth
   399 | D        | Reached skill level 5 in Hexes
   399 | D        | Reached XP level 4. HP: 23/23 MP: 11/11
   409 | D        | Learned a level 3 spell: Dazzling Flash
   413 | D        | Noticed a tyrant leech
   413 | D        | Noticed a tyrant leech
   417 | D        | Noticed a merfolk siren
   479 | D        | Mangled by a merfolk siren

Illustrated notes

Levels and vault maps discovered:
D:        the_violet_keep_of_menkaure [sprint2_stairs_cluster_1,
          sprint2_shoproom, sprint2_temple, sprint2_basic_supplies,
          sprint2_obstacle_3, sprint2_obstacle_2, sprint2_obstacle_5,
          sprint2_obstacle_7, sprint2_obstacle_4, sprint2_timed_cluster_1,
          sprint2_smallroom_cluster_1, sprint2_smallroom_final_cluster_1,
          sprint2_transparent_cluster_1, sprint2_second_timed_cluster_1,
          sprint2_sniper_area_1, sprint2_heavy_combat_area_1,
          sprint2_mutation_trap_area_1, sprint2_forest_area_1,
          sprint2_light_combat_area_1, sprint2_behind_water_1,
          sprint2_near_end_vault_1]

Skill      XL: |  1  2  3 |
---------------+----------+-----
Fighting       | 1 2 |  2.3
Short Blades   | 2 3 |  3.7
Dodging        | 4 5 |  5.4
Stealth        | 6 7 8 |  8.3
Spellcasting   | 3 4 |  4.8
Hexes          | 4 5 |  5.4

Action                   |  1- 3 |  4- 6 || total
-------------------------+-------+-------++-------
Melee: Dagger            |    21 |    52 ||    73
 Cast: Dazzling Flash    |       |     4 ||     4
  Use: Potion            |     2 |     1 ||     3
 Stab: Sleeping          |     1 |     1 ||     2
       Invisible         |       |     2 ||     2
Dodge: Dodged            |    11 |     6 ||    17
